Unix NetHack Version 5.0.0-0 post-release - last build May 10 2026 23:12:36 (d1fa5d53e341ca933230fdaa984d921c805b60aa,branch:main).

Game began 2026-05-10 22:36:45, ended 2026-05-11 02:37:53.

Eesui, chaotic male human Rogue

             --
            ..---               ---------
          ---e..------------ ---........-----
         --.@E.............---....^........^|
        --..-E--------.---...[......%.......--
       --..-|        |--..........%(.........|
    ----..-.|        |...........^.%%%.........
   --.......|        |...........(<...........
   |.......--      ---.......................
   -|-...--|       |........   -------......
    *|.....|       |...|...           .....
     -------       -------             ---
Eesui the Pilferer      St:18/12 Dx:17 Co:18 In:8 Wi:15 Ch:9  Chaotic
Dlvl:12 $:466 HP:0(90) Pw:67(67) AC:-16 Xp:13/49668 T:39037  Burdened

Latest messages:
 The fire elemental hits!
 You avoid harm.
 The earth elemental misses!
 The fire elemental misses!
 The earth elemental hits!
 The fire elemental misses!
 The earth elemental hits!
 The fire elemental hits!
 You avoid harm.
 The earth elemental hits!
 The fire elemental hits!
 You avoid harm.
 The fire elemental hits!
 You're on fire!
 The fire doesn't feel hot!
 The fire elemental hits!
 You avoid harm.
 The fire elemental misses!
 The earth elemental hits!
 The fire elemental hits!
 You avoid harm.
 The earth elemental hits!
 The fire elemental hits!
 You avoid harm.
 The fire elemental just misses!
 The fire elemental hits!
 You avoid harm.
 The earth elemental hits!
 The fire elemental hits!
 You avoid harm.
 The earth elemental hits!
 The fire elemental hits!
 You avoid harm.
 The earth elemental hits!
 The fire elemental hits!
 You avoid harm.
 The fire elemental hits!
 You avoid harm.
 The fire elemental hits!
 You avoid harm.
 The earth elemental hits!
 The fire elemental misses!
 The fire elemental hits!
 You avoid harm.
 The earth elemental just misses!
 The fire elemental misses!
 The earth elemental hits!
 You die...
 Do you want your possessions identified? [ynq] (y)
 Do you want to see your attributes? [ynq] (y)

Inventory:
 Coins    ('$')
  $ - 466 gold pieces
 Amulets  ('"')
  u - an uncursed amulet of guarding (being worn)
 Weapons  (')')
  d - 22 +0 daggers (at the ready)
  J - a cursed -1 dagger
  v - a +0 elven dagger
  o - the rustproof +0 Fire Brand (wielded in right hand)
  H - a +0 silver saber (wielded in left hand)
 Armor    ('[')
  i - a blessed greased +1 orcish helm (being worn)
  O - an uncursed +0 pair of leather gloves (being worn)
  h - an uncursed +0 pair of iron shoes (being worn)
  n - an uncursed burnt +3 cloak of displacement (being worn)
  B - an uncursed +0 Hawaiian shirt with a giant eel motif (being worn)
  x - a blessed +4 elven mithril-coat (being worn)
 Comestibles  ('%')
  I - an uncursed lizard corpse
 Rings    ('=')
  a - an uncursed ring of invisibility
  L - an uncursed ring of levitation
  Q - an uncursed ring of polymorph control (on left hand)
  R - an uncursed ring of protection from shape changers
  y - an uncursed ring of searching
  s - an uncursed ring of see invisible
 Wands    ('/')
  A - a wand of cold (0:5)
  Z - a wand of cold (0:5)
  W - a wand of digging (0:5)
  S - a wand of fire (0:6)
  V - a wand of locking (0:5)
  F - a wand of secret door detection (0:11)
  Y - a wand of teleportation (0:4)
  E - a wand of undead turning (0:2)
 Tools    ('(')
  f - a blessed bag of holding containing 56 items
  z - an empty uncursed sack
  e - an uncursed lock pick
  j - an uncursed magic lamp (lit)
  D - an uncursed towel
  b - a +0 unicorn horn
 Gems/Stones  ('*')
  C - an uncursed jet stone
  K - an uncursed ruby
  w - an uncursed worthless piece of black glass
  G - 2 uncursed worthless pieces of blue glass
  t - 2 uncursed worthless pieces of green glass
  M - an uncursed worthless piece of red glass
  P - an uncursed luckstone

Contents of the bag of holding:
  3244 gold pieces
  13 rusty +1 daggers
  an uncursed rotted +0 pair of gauntlets of dexterity
  an uncursed slime mold
  an uncursed C-ration
  2 uncursed food rations
  2 uncursed fortune cookies
  8 uncursed lumps of royal jelly
  3 uncursed lizard corpses
  2 uncursed lizard corpses
  a blessed scroll of blank paper
  6 uncursed scrolls of blank paper
  a cursed scroll of blank paper
  an uncursed scroll of confuse monster
  an uncursed scroll of create monster
  a cursed scroll of destroy armor
  3 uncursed scrolls of earth
  an uncursed scroll of enchant weapon
  a cursed scroll of enchant weapon
  an uncursed scroll of fire
  a blessed scroll of identify
  an uncursed scroll of identify
  a blessed scroll of light
  3 uncursed scrolls of light
  2 uncursed scrolls of remove curse
  5 uncursed scrolls of teleportation
  an uncursed potion of acid
  a cursed potion of enlightenment
  a cursed potion of fruit juice
  an uncursed potion of gain ability
  a blessed potion of healing
  an uncursed potion of healing
  an uncursed potion of monster detection
  5 uncursed potions of object detection
  a blessed potion of sleeping
  a potion of holy water
  3 uncursed potions of water
  a cursed ring of aggravate monster
  an uncursed ring of invisibility
  an uncursed ring of polymorph control
  a wand of light (0:12)
  a wand of light (0:11)
  a wand of slow monster (0:6)
  a wand of speed monster (0:7)
  an uncursed tooled horn
  an uncursed brass lantern
  a can of grease (0:19)
  a magic marker (0:92)
  a magic marker (0:79)
  a +0 pick-axe
  an uncursed aquamarine stone
  an uncursed worthless piece of blue glass
  an uncursed worthless piece of red glass
  4 uncursed worthless pieces of violet glass
  an uncursed worthless piece of yellow glass
  3 uncursed worthless pieces of yellowish brown glass

Eesui the Rogue's attributes:

Background:
 You were a Pilferer, a level 13 male human Rogue.
 You were chaotic, on a mission for Kos
 who was opposed by Issek (lawful) and Mog (neutral).
 You were right-handed.
 You were in the Gnomish Mines, on level 12.
 You entered the dungeon 39037 turns ago.
 It was nighttime.
 You had 49668 experience points, 30332 more were needed to attain level 14.

Basics:
 You had 0 out of 90 hit points.
 You had all 67 energy points (spell power).
 Your armor class was -16.
 Your wallet contained 466 zorkmids, and
 you had 3244 more stashed away in your pack.
 Autopickup was on for '$?!/=+"' plus thrown.

Final Characteristics:
 Your strength was 18/12 (limit:18/100).
 Your dexterity was 17 (peak:18, limit:18).
 Your constitution was 18 (limit:18).
 Your intelligence was 8 (limit:18).
 Your wisdom was 15 (limit:18).
 Your charisma was 9 (limit:18).

Final Status:
 You weren't hungry.
 You were burdened; movement was slightly slowed.
 You were wielding two weapons at once.
 Your two weapon skill was limited by being basic with long sword.
 Your two weapon skill was also limited by being unskilled with saber.

Final Attributes:
 You were piously aligned.
 You were fire resistant.
 Your items were protected from fire.
 You were cold resistant.
 You were sleep resistant.
 You were poison resistant.
 You were telepathic.
 You had automatic searching.
 You were displaced.
 You were stealthy.
 You had a moderate defense bonus (+9).
 You were protected.
 Your spell casting was impaired by metallic armor.
 You had polymorph control.
 You were fast.
 You were extremely lucky.
 You had extra luck.
 Bad luck did not time out for you.
 Good luck did not time out for you.
 Kos was angry with you.
 You are dead.

Miscellaneous:
 You disabled loading and storing of bones levels.
 Total elapsed playing time was 3 hours, 56 minutes and 56 seconds.

Major events:
 Turn
    1: Eesui the chaotic male human Rogue entered the dungeon
 1813: attained the rank of Cutpurse (level 3)
 2629: entered the Gnomish Mines
 3713: attained the rank of Rogue (level 6)
 6866: entered Sokoban
 7277: completed 1st Sokoban level
 8782: chose an elven dagger to be named "Sting"
 9650: completed 2nd Sokoban level
11307: reached Mine Town
11634: attained the rank of Pilferer (level 10)
13984: completed 3rd Sokoban level
18472: was bestowed with Orcrist by Kos
20042: entered the Bigroom
29027: completed 4th Sokoban level
31982: was bestowed with Fire Brand by Kos
39037: killed by an earth elemental, while frozen by a floating eye's gaze

Spells:
 Name                 Level Category     Fail Retention
 healing                1   healing      100%    1%-25%

Skills:
 Fighting Skills
   bare handed combat [Unskilled]
   two weapon combat  [Skilled]
   riding             [Unskilled]
 Weapon Skills
   dagger             [Expert]
   knife              [Unskilled]
   short sword        [Basic]
   broadsword         [Skilled]
   long sword         [Basic]
   two-handed sword   [Unskilled]
   saber              [Unskilled]
   club               [Unskilled]
   mace               [Unskilled]
   morning star       [Unskilled]
   flail              [Unskilled]
   hammer             [Unskilled]
   polearms           [Unskilled]
   spear              [Unskilled]
   crossbow           [Unskilled]
   dart               [Unskilled]
   shuriken           [Unskilled]
 Spellcasting Skills
   divination spells  [Unskilled]
   escape spells      [Unskilled]
   matter spells      [Unskilled]

Voluntary challenges:
 Character rerolling was not enabled.
 You never genocided any monsters.
 You never polymorphed an object.
 You never changed form.
 You used no wishes.
 You did not violate any of the special Sokoban rules.
Achievements:
 You entered a shop.
 You attained the rank of Cutpurse.
 You entered the Gnomish Mines.
 You attained the rank of Rogue.
 You entered Sokoban.
 You entered Minetown.
 You entered a temple.
 You attained the rank of Pilferer.
 You entered the Big Room.

 The Dungeons of Doom: levels 1 to 21
    Level 1:
       A fountain, a grave.
    Level 2:
       A general store, many fountains.
    Level 3:
       A sink, a grave.
    Level 4:
       A general store, some fountains.
       Stairs down to The Gnomish Mines.
    Level 5:
       A general store, an altar to Kos, many fountains.
    Level 6: "pois res vault"
       A general store.
    Level 7:
    Level 8: "stash"
       Stairs up to Sokoban, level 7.
    Level 9:
       A throne.
    Level 10:
    Level 11:
       A very big room.
    Level 12:
       A grave.
    Level 13: "vault"
       A throne, a fountain.
    Level 14:
       A fountain.
       Summoned by the Master of Thieves.
    Level 15:
    Level 16: "fire res"
    Level 17:
       A primitive area.
    Level 18: "vault"
       A grave.
    Level 19:
    Level 20:
    Level 21:
 The Gnomish Mines: levels 5 to 12
    Level 5:
    Level 6:
    Level 7:
    Level 8: "cold res"
       Many shops, a temple and an altar to Kos, some fountains.
    Level 9: "sleep res"
    Level 10:
    Level 11:
    Level 12: <- You were here.
       Final resting place for
          you, killed by an earth elemental, while frozen by a floating eye's gaze.
 Sokoban: levels 7 up to 4
    Level 4:
       Solved.
    Level 5:
       Solved.
    Level 6:
       Solved.
    Level 7:
       Solved.


Vanquished creatures:
  a displacer beast
  a captain
  2 queen bees
  a winged gargoyle
  2 giant mimics
  a long worm
  a zruty
 an ice troll
  2 large mimics
  a wumpus
  8 stalkers
  3 air elementals
  a fire elemental
  3 earth elementals
  a water elemental
  a hill giant
  a giant mummy
  a xorn
 10 wargs
  a winter wolf
  2 small mimics
  a warhorse
  a xan
  6 ettin mummies
  a quantum mechanic
  9 trolls
  2 sasquatches
  2 wood golems
  6 gelatinous cubes
  2 pyrolisks
  2 large dogs
  a freezing sphere
  4 flaming spheres
  3 shocking spheres
  3 large cats
  5 tigers
  3 gargoyles
  a dwarf ruler
  7 tengu
  7 ochre jellies
  2 leocrottas
 an energy vortex
  4 mountain centaurs
 an elf mummy
  3 pythons
  2 pit vipers
  5 wraiths
  a carnivorous ape
  5 ettin zombies
  a leather golem
 an amorous demon
  4 chameleons
  2 crocodiles
  9 giant beetles
  7 quivering blobs
 13 cockatrices
  5 wolves
 20 winter wolf cubs
  4 panthers
  5 leprechauns
  3 orc-captains
  2 iron piercers
  2 giant spiders
  4 scorpions
  2 horses
 10 black lights
  a vampire bat
  5 gnome rulers
  4 orc mummies
  a dwarf mummy
 an ogre
 13 brown puddings
  2 rust monsters
  6 owlbears
  5 yetis
  6 gold golems
  2 Green-elves
 10 lizards
  a chickatrice
  a dingo
  2 dogs
  a housecat
  4 jaguars
  4 dwarf leaders
  4 blue jellies
  5 white unicorns
  3 gray unicorns
  3 dust vortices
  a raven
  5 plains centaurs
  6 gnome mummies
  8 snakes
  9 apes
  4 human zombies
  2 rope golems
  a Woodland-elf
  8 soldier ants
 11 fire ants
  6 bugbears
 an imp
  4 wood nymphs
  5 water nymphs
  4 mountain nymphs
  8 Mordor orcs
  4 Uruk-hai
  5 rock piercers
  5 rock moles
  4 ponies
  6 fog clouds
 10 yellow lights
  a shrieker
  7 violet fungi
 21 gnome leaders
  7 gnomish wizards
  3 kobold mummies
  9 gray oozes
  a barrow wight
  3 elf zombies
  5 paper golems
 23 giant ants
  4 little dogs
  8 floating eyes
  3 kittens
 24 dwarves
  a homunculus
  3 kobold leaders
  3 kobold shamans
 60 hill orcs
 23 rothes
  2 rabid rats
  3 centipedes
  5 giant bats
  5 monkeys
  4 orc zombies
 12 dwarf zombies
  2 wererats
  2 werejackals
 10 iguanas
 86 killer bees
  6 acid blobs
  9 coyotes
  a gas spore
  4 hobbits
  9 manes
  4 large kobolds
 12 hobgoblins
  9 giant rats
  6 cave spiders
  3 yellow molds
  a green mold
  3 red molds
 63 gnomes
 19 garter snakes
  5 gnome zombies
 17 geckos
 11 jackals
  4 foxes
  2 kobolds
  7 goblins
  a sewer rat
 18 grid bugs
 13 lichens
  a kobold zombie
 18 newts
1016 creatures vanquished.

No species were genocided or became extinct.

Game over:
                       ----------
                      /          \
                     /    REST    \
                    /      IN      \
                   /     PEACE      \
                  /                  \
                  |      Eesui       |
                  |     3710 Au      |
                  |   killed by an   |
                  | earth elemental  |
                  |                  |
                  |                  |
                  |       2026       |
                 *|     *  *  *      | *
        _________)/\\_//(\/(/\)/\//\/|_)_______

Goodbye Eesui the Rogue...

You died in The Gnomish Mines on dungeon level 12 with 127633 points,
and 3710 pieces of gold, after 39037 moves.
You were level 13 with a maximum of 90 hit points when you died.

